 Dungeon Crawl Stone Soup version 0.31.0-32-g396128a36d (webtiles) character file.

Game seed: 14367165664189906789

7199 PaiMei the Scholar of Death (level 10, -6/73 (80) HPs)
             Began as a Demonspawn Necromancer on Apr 2, 2024.
             Was a Follower of Kikubaaqudgha.
             Mangled by an orc warrior
             ... wielding a +0 dire flail
              (12 damage)
             ... on level 10 of the Dungeon.
             The game lasted 00:15:40 (10922 turns).

PaiMei the Scholar of Death (DsNe)                 Turns: 10922, Time: 00:15:41

HP:   -6/73 (80)    AC: 11    Str:  8    XL:     10   Next: 87%
MP:   18/22         EV: 15    Int: 20    God:    Kikubaaqudgha [*.....]
Gold: 588           SH:  0    Dex: 14    Spells: 10/25 levels left

rFire   . . .        q - +2 mace (venom)
rCold   . . .        (no shield)
rNeg    . . .        a - +0 robe
rPois   .            E - +1 helmet
rElec   .            v - +0 cloak
rCorr   .            h - +0 pair of gloves
SInv    .            H - +2 pair of boots
Will    .....        (no amulet)
Stlth   ++           w - ring of wizardry
HPRegen 0.32/turn    (no ring)
MPRegen 0.36/turn

%: wizardry (x1)
@: drained
A: magic regeneration, sharp scales 2
a: Renounce Religion, Unearth Wretches


You were on level 10 of the Dungeon.
You worshipped Kikubaaqudgha.
Kikubaaqudgha was aware of your devotion.
You visited 2 branches of the dungeon, and saw 11 of its levels.

You collected 588 gold pieces.

Inventory:

Hand Weapons
 f - a +0 vampiric trident
 q - a +2 mace of venom (weapon)
Missiles
 e - 2 throwing nets
 A - 9 poisoned darts (quivered)
 J - a curare-tipped dart
Armour
 a - a +0 robe (worn)
 h - a +0 pair of gloves (worn)
 v - a +0 cloak (worn)
 E - a +1 helmet (worn)
 H - a +2 pair of boots (worn)
Jewellery
 r - a ring of flight
 w - a ring of wizardry (left hand)
 F - a ring of protection from cold
 G - a ring of protection from cold
Wands
 o - a wand of flame (26)
 s - a wand of charming (14)
 u - a wand of polymorph (13)
Scrolls
 c - 4 scrolls of identify
 d - 2 scrolls of teleportation
 g - 2 scrolls of noise {unknown}
 j - 2 scrolls of immolation {unknown}
 k - 2 scrolls of summoning {unknown}
 l - 2 scrolls of fog {unknown}
 t - 2 scrolls of torment {unknown}
 y - a scroll of revelation {unknown}
 C - a scroll of enchant armour {unknown}
 D - 2 scrolls of poison {unknown}
Potions
 b - a potion of magic
 i - a potion of curing {unknown}
 m - 4 potions of heal wounds {unknown}
 n - a potion of invisibility {unknown}
 p - a potion of attraction {unknown}
 x - 4 potions of might {unknown}
 z - a potion of mutation {unknown}
 B - a potion of haste {unknown}
 I - a potion of lignification {unknown}


   Skills:
 + Level 8.3 Fighting
 + Level 7.9 Dodging
 - Level 2.0 Stealth
 + Level 8.0 Spellcasting
 + Level 10.2 Necromancy


You had 10 spell levels left.
You knew the following spells:

 Your Spells              Type           Power      Damage    Failure   Level
a - Necrotise             Necr           100%       1d9       1%          1
b - Vampiric Draining     Necr           49%        2d9       1%          3
c - Animate Dead          Necr           49%        N/A       1%          4
d - Curse of Agony        Necr           49%        N/A       1%          5
e - Sublimation of Blood  Necr           49%        N/A       1%          2

Your spell library contained the following spells:

 Spells                   Type           Power      Damage    Failure   Level
 Kiss of Death            Conj/Necr      100%       2d13      1%          1
 Fugue of the Fallen      Necr           49%        N/A       1%          3
 Sandblast                Erth           16%        2d6       3%          1
 Martyr's Knell           Necr/Summ      28%        N/A       4%          4
 Call Imp                 Summ           16%        N/A       5%          2
 Passwall                 Erth           8%         N/A       11%         3
 Stone Arrow              Conj/Erth      16%        3d8       11%         3
 Brom's Barrelling Bould  Conj/Erth      8%         2d3       32%         4
 Summon Hydra             Summ           4%         N/A       100%        7


Dungeon Overview and Level Annotations

Branches:
Dungeon (10/15)            Temple (1/1) D:6            Lair (0/5) D:10
    Orc: D:9-12

Altars:
Ashenzari
Cheibriados
Dithmenos
Fedhas
Gozag
Hepliaklqana
Kikubaaqudgha
Makhleb
Nemelex Xobeh
Okawaru
Qazlal
Sif Muna
Trog
Uskayaw
Vehumet
Wu Jian
Xom
Yredelemnul

Shops:
D:5 (   D:6 [   D:8 *

Annotations:
D:6 1 runed translucent door, Crazy Yiuf
D:7 exclusion: oklob plant


Innate Abilities, Weirdness & Mutations

You regenerate magic rapidly.
You are mostly covered in razor-sharp scales. (AC +2, Slay +2)


Message History

The orc warrior shouts!
The yak attacks as it pursues you! The yak gores you but does no damage.
The yak attacks as it pursues you! The yak closely misses you.
The yak attacks as it pursues you! The yak gores you but does no damage.
The wyvern hisses angrily.
The yak gores you but does no damage.
There is a large open door here.
The wyvern bites you.
* * * LOW HITPOINT WARNING * * *
The wyvern bites you.
* * * LOW HITPOINT WARNING * * *
The wyvern closely misses you.
The orc warrior attacks as it pursues you!
The orc warrior barely misses you. The wyvern barely misses you.
The wyvern attacks as it pursues you! The wyvern closely misses you.
The wyvern bites you!
* * * LOW HITPOINT WARNING * * *
Casting: Vampiric Draining (safe; 1% risk of failure)
Confirm with . or Enter, or press ? or * to list all spells.
Aiming: Vampiric Draining (safe; 1% risk of failure)
Press: ? - help, Shift-Dir - straight line, f - wyvern
Aim: a wyvern You draw life force from the wyvern.
You feel life coursing into your body. The wyvern misses you.
Casting: Vampiric Draining (safe; 1% risk of failure)
Confirm with . or Enter, or press ? or * to list all spells.
Aiming: Vampiric Draining (safe; 1% risk of failure)
Press: ? - help, Shift-Dir - straight line, f/p - wyvern
Aim: a wyvern (moderately wounded)
You draw life force from the wyvern!
You kill the wyvern!
Kikubaaqudgha accepts your kill.
You feel life coursing into your body! The orc warrior closely misses you.
The orc warrior attacks as it pursues you!
The orc warrior hits you with a +0 dire flail!
* * * LOW HITPOINT WARNING * * *
The orc warrior attacks as it pursues you!
The orc warrior hits you with a +0 dire flail!
You die...
Kikubaaqudgha rasps: "You have failed me!
Welcome... death!"

##### ######... #......#
#......#########
#..Y...##..#g..#
#.Y.†YY##...#..#
#.####Y.gT.##Y.+
#########.# #Y.'..##Y.+
.......@o.# ####..#...#
..........# #..D#.T#
..........# #..#...#
............ #..##..#
...........## ##Y.##..#
#..
.######...######....#..#
... #...###$... .#...#
... ....##)$......#..#
#.. #..##.#Y##..#


You could see an orc warrior.

Vanquished Creatures
  A two-headed ogre (D:9)
  Pikel (D:9)
  A rime drake (D:10)
  Psyche (D:9)
  A polar bear (D:10)
  A troll (D:9)
  Sigmund (D:5)
  2 wyverns
  3 yaks
  Eustachio (D:5)
  Duvessa (D:5)
  2 water moccasins
  4 ice beasts
  A sky beast (D:8)
  4 orc warriors
  4 ogres
  2 wolves (D:10)
  3 centaurs
  A kobold brigand (D:9)
  6 scorpions
  A burial acolyte (D:8)
  Dowan (D:5)
  4 killer bees
  A howler monkey (D:8)
  6 bombardier beetles
  A hound (D:5)
  5 jellies
  8 orc priests
  Terence (D:3)
  2 iguanas
  4 orc wizards
  A hound zombie (D:8)
  Robin (D:2)
  8 adders
  2 shadow imps (D:8)
  A white imp (D:6)
  2 ufetubi (D:6)
  2 adder zombies (D:8)
  4 dart slugs
  33 orcs
  6 ball pythons
  5 bats
  6 endoplasms
  3 giant cockroaches
  A gnoll zombie (D:8)
  7 goblins
  5 hobgoblins
  6 jackals
  A quokka (D:3)
  3 frilled lizards
  15 kobolds
  3 kobold zombies (D:8)
  3 rats
  A spectral goblin (D:3)
194 creatures vanquished.

Vanquished Creatures (collateral kills)
  3 vampire mosquitoes (D:7)
  An acid dragon (D:10)
  2 wolves (D:10)
  A wight (D:10)
  A ribbon worm (D:2)
  An orc (D:8)
  A giant cockroach (D:2)
  2 goblins (D:2)
12 creatures vanquished.

Vanquished Creatures (others)
  A rime drake zombie (D:10)
  A polar bear zombie (D:10)
  A wolf zombie (D:10)
3 creatures vanquished.

Grand Total: 209 creatures vanquished

Notes
Turn   | Place    | Note
-------+----------+-------------------------------------------
     0 | D:1      | PaiMei the Demonspawn Necromancer began the quest for the
                  | Orb.
     0 | D:1      | Reached XP level 1. HP: 13/13 MP: 3/3
   236 | D:1      | Gained mutation: You are partially covered in razor-sharp
                  | scales. (AC +1, Slay +1) [demonic ancestry]
   236 | D:1      | Reached XP level 2. HP: 19/19 MP: 3/5
   947 | D:2      | Noticed Robin
  1327 | D:2      | Gained mutation: You regenerate magic rapidly. [demonic
                  | ancestry]
  1327 | D:2      | Reached XP level 3. HP: 25/25 MP: 4/6
  1512 | D:2      | Killed Robin
  1513 | D:2      | Reached skill level 1 in Fighting
  1935 | D:3      | Found a faded altar of an unknown god.
  1975 | D:3      | Found a shadowy altar of Dithmenos.
  1978 | D:3      | Reached XP level 4. HP: 32/32 MP: 4/7
  2047 | D:3      | Noticed Terence
  2673 | D:3      | Reached skill level 5 in Necromancy
  2854 | D:3      | Killed Terence
  2855 | D:3      | Reached XP level 5. HP: 38/38 MP: 3/9
  3261 | D:4      | Learned a level 3 spell: Vampiric Draining
  3266 | D:4      | Learned a level 4 spell: Animate Dead
  3863 | D:4      | Reached XP level 6. HP: 38/46 MP: 5/11
  4358 | D:5      | Entered Level 5 of the Dungeon
  4389 | D:5      | Noticed an ice beast
  4397 | D:5      | Killed an ice beast
  4398 | D:5      | Reached skill level 6 in Necromancy
  4398 | D:5      | Gained mutation: You are mostly covered in razor-sharp
                  | scales. (AC +2, Slay +2) [demonic ancestry]
  4398 | D:5      | Reached XP level 7. HP: 47/52 MP: 2/13
  4459 | D:5      | Found Imitsas's Antique Weapon Boutique.
  4734 | D:5      | Noticed Sigmund
  4880 | D:5      | Killed Sigmund
  5043 | D:5      | Reached XP level 8. HP: 51/60 MP: 5/15
  5191 | D:5      | Found an opulent altar of Gozag.
  5466 | D:5      | Noticed Eustachio
  5479 | D:5      | Killed Eustachio
  5480 | D:5      | Reached skill level 5 in Spellcasting
  5480 | D:5      | Reached skill level 7 in Necromancy
  5568 | D:5      | Noticed Duvessa
  5568 | D:5      | Noticed Dowan
  5586 | D:5      | Killed Duvessa
  5587 | D:5      | Reached skill level 5 in Dodging
  5605 | D:5      | Killed Dowan
  5606 | D:5      | Reached skill level 5 in Fighting
  5891 | D:6      | Found an iron altar of Okawaru.
  5983 | D:6      | Found a runed translucent door.
  5984 | D:6      | Noticed Crazy Yiuf
  6306 | D:6      | Reached XP level 9. HP: 66/68 MP: 6/17
  6458 | D:6      | Found a staircase to the Ecumenical Temple.
  6476 | Temple   | Entered the Ecumenical Temple
  6535 | D:6      | Found Ybivesuu's Antique Armour Shoppe.
  6878 | D:6      | Reached skill level 8 in Necromancy
  7291 | D:7      | Found a shimmering altar of Xom.
  8027 | D:7      | Found a blossoming altar of Fedhas.
  8051 | D:7      | Noticed an oklob plant
  8178 | D:8      | Reached skill level 9 in Necromancy
  8370 | D:8      | Reached XP level 10. HP: 79/79 MP: 17/20
  8426 | D:8      | Found an ancient bone altar of Kikubaaqudgha.
  8447 | D:8      | Became a worshipper of Kikubaaqudgha
  8904 | D:8      | Found Sour's Fire Supplies.
  9181 | D:9      | Noticed Pikel
  9186 | D:9      | Killed Pikel
  9386 | D:9      | Noticed a two-headed ogre
  9392 | D:9      | Killed a two-headed ogre
  9437 | D:9      | Learned a level 5 spell: Curse of Agony
  9440 | D:9      | Learned a level 2 spell: Sublimation of Blood
  9654 | D:9      | Noticed Psyche
  9671 | D:9      | Killed Psyche
  9671 | D:9      | Reached * piety under Kikubaaqudgha
  9671 | D:9      | Received a gift from Kikubaaqudgha
 10271 | D:10     | Entered Level 10 of the Dungeon
 10413 | D:10     | Found a broken altar of Ashenzari.
 10413 | D:10     | Found a sparkling altar of Nemelex Xobeh.
 10423 | D:10     | Reached skill level 10 in Necromancy
 10612 | D:10     | Found a staircase to the Lair.
 10894 | D:10     | Noticed a two-headed ogre
 10922 | D:10     | Mangled by an orc warrior

Illustrated notes

Levels and vault maps discovered:
D:1:      dpeg_arrival_water_fire, layout_basic
D:2:      layout_rooms, serial_corexii_hall, corexii_hall_statues_s,
          corexii_hall_statues_l, uniq_robin
D:3:      layout_basic, nicolae_dithmenos_shadow_blocks,
          dreamdust_ecumenical_altar_drowned_temple, serial_corexii_hall,
          chequers_hall_statues_corner_a, corexii_hall_statues_u, nrook_uturn,
          uniq_terence
D:4:      minmay_evil_eye, layout_basic, grunt_ministairs_4, kennysheep_dice
D:5:      layout_loops_ring, mainiacjoe_overflow_alcove_2, serial_shops, shop,
          hangedman_abyss_or_decor_lesser_grid, hangedman_decor_riveting,
          uniq_sigmund, uniq_duvessa, uniq_eustachio
D:6:      layout_layer_cave, old_standard_altar, minmay_temple_entry_trees,
          nicolae_take_the_stairs, serial_library_hellmonk_hallway_b,
          uniq_crazy_yiuf_cottage
D:7:      layout_loops_ring, brannock_xom_greatest_gift, tgw_fedhas
D:8:      layout_cave_pools, regret_index_kikubaaqudgha_part_by_part,
          minmay_holes, nicolae_shop_fire_sale [nicolae_sub_dead_trees],
          nicolae_straight_to_the_point
D:9:      layout_basic, uniq_pikel, uniq_psyche
D:10:     layout_irregular_city, chequers_temple_overflow_statue_of_worship,
          marbit_many_paths, hellmonk_lair_entry_icy, nicolae_twisting_strands,
          hangedman_corner_corridor
Temple:   oiseaux_autumnal_temple

Skill      XL: |  1  2  3  4  5  6  7  8  9 10 |
---------------+-------------------------------+-----
Stealth        | 2 |  2.0
Dodging        | 2 3 4 5 6 7 |  7.9
Fighting       | 1 2 3 4 5 7 8 |  8.3
Necromancy     | 5 6 7 9 10 | 10.2
Spellcasting   | 3 4 5 6 8 |  8.0

Action                     |  1- 3 |  4- 6 |  7- 9 | 10-12 || total
---------------------------+-------+-------+-------+-------++-------
  Melee: Mace              |     1 |    11 |    85 |    82 ||   179
         Trident           |    16 |     2 |       |       ||    18
         Punch             |       |       |     1 |       ||     1
   Cast: Necrotise         |    67 |    95 |   109 |    21 ||   292
         Vampiric Draining |       |     7 |    91 |    55 ||   153
         Curse of Agony    |       |       |       |     3 ||     3
         Animate Dead      |       |       |       |     2 ||     2
  Evoke: Wand              |       |       |     2 |       ||     2
    Use: Scroll            |       |       |       |     2 ||     2
 Armour: Robe              |    32 |    23 |   121 |   132 ||   308
         Skin              |       |     1 |       |       ||     1
  Dodge: Dodged            |    24 |    18 |   169 |   145 ||   356
